 Dungeon Crawl Stone Soup version 0.30-a0-161-gdd60e06945 (webtiles) character file.

Game seed: 15919149490368592522

6708 qw the Cleaver (level 11, -4/71 HPs)
             Began as a Gargoyle Fighter on Sept 27, 2022.
             Was a Priest of Okawaru.
             Slain by an eight-headed hydra (8 damage)
             ... on level 8 of the Dungeon.
             The game lasted 00:04:55 (10675 turns).

qw the Cleaver (Gargoyle Fighter)                  Turns: 10675, Time: 00:04:56

Health: -4/71      AC: 25    Str: 24    XL:     11   Next: 3%
Magic:  13/14      EV: 12    Int:  9    God:    Okawaru [***...]
Gold:   295        SH:  6    Dex:  9    Spells: 10/10 levels left

rFire   . . .      SeeInvis +    j - +0 morningstar
rCold   . . .      Faith    .    c - +0 buckler
rNeg    + . .      Spirit   .    s - +0 plate armour
rPois   inf        Reflect  .    i - +1 helmet
rElec   +          Harm     .    (no cloak)
rCorr   .          Rampage  .    (no gloves)
Will    .....                    (no boots)
Stlth   ..........               (no amulet)
HPRegen 0.21/turn                m - ring of see invisible
MPRegen 0.14/turn                p - +4 ring of evasion

@: heroic
A: sickness immunity, AC +8, negative energy resistance 1, electricity
resistance, torment resistance 1, petrification resistance
a: Renounce Religion, Heroism


You were on level 8 of the Dungeon.
You worshipped Okawaru.
Okawaru was most pleased with you.
You visited 2 branches of the dungeon, and saw 9 of its levels.
You also visited: Sewer.

You collected 358 gold pieces.
You spent 63 gold pieces at shops.


Innate Abilities, Weirdness & Mutations

You are immune to sickness and miasma.
Your stone body is resilient. (AC +8)
You are immune to poison.
You resist negative energy. (rN+)
You are resistant to electric shocks. (rElec)
You are resistant to unholy torment.
You are immune to petrification.


   Skills:
 - Level 9.1(14.1) Fighting
 - Level 11.3(16.3) Axes
 + Level 1.1(6.1) Throwing
 - Level 7.0(12.0) Armour
 - Level 1.2(6.2) Dodging
 - Level 5.0(10.0) Shields
 - Level 4.0 Invocations


You had 10 spell levels left.
You didn't know any spells.
Your spell library was empty.

Inventory:

Hand Weapons
 j - a +0 morningstar (weapon)
 o - a +1 vampiric hand axe
 q - the +3 flail "Quqastrya" {holy, rC+ Str+2}
   (You found it on level 7 of the Dungeon)

   It has been blessed by the Shining One to cause great damage to the undead
   and demons.
   Str:       It affects your strength (+2).
   rC:        It protects you from cold.
 v - a +2 war axe
Missiles
 k - a javelin (quivered)
Armour
 c - a +0 buckler (worn)
 i - a +1 helmet (worn)
 s - a +0 plate armour (worn)
 t - +0 acid dragon scales
Jewellery
 m - a ring of see invisible (left hand)
 p - a +4 ring of evasion (right hand)
 u - a ring of willpower
Scrolls
 h - 3 scrolls of identify
Potions
 b - 2 potions of resistance
 d - a potion of might
 e - a potion of curing
 f - 3 potions of attraction
 g - a potion of mutation
 l - a potion of cancellation
 n - a potion of lignification
 r - a potion of haste

Dungeon Overview and Level Annotations

Branches:
Dungeon (8/15)             Temple (1/1) D:5           Sewer (visited)
   Lair: D:8-11

Altars:
Ashenzari
Cheibriados
Dithmenos
Elyvilon
Gozag
Hepliaklqana
Kikubaaqudgha
Makhleb
Nemelex Xobeh
Okawaru
Qazlal
Ru
Sif Muna
Trog
Uskayaw
Vehumet
Wu Jian
Xom
Yredelemnul
Zin
The Shining One

Shops:
D:1 *   D:7 =

Annotations:
D:3 3 runed translucent doors, qw's ghost, amateur GrFi
D:6 3 runed translucent doors, qw's ghost, amateur GrFi


Message History

10667 ||| Stepping ~*~*~tactically~*~*~ (outnumbered).
The orc wizard casts a spell at you.
You are confused.
A troll opens the door.
10668 ||| DRINKING 2 potions of curing.
You feel better.
10668 ||| (to cure confusion)
10669 ||| Stepping ~*~*~tactically~*~*~ (outnumbered).
10670 ||| Stepping ~*~*~tactically~*~*~ (outnumbered).
The orc wizard gestures wildly while chanting.
The orc wizard flickers and vanishes for a moment.
The troll bites you! The troll misses you. You block the troll's attack.
You impale the troll!!
The troll is heavily wounded.
The troll barely misses you. The troll closely misses you.
You block the troll's attack.
The vampire mosquito bites you but does no damage.
You closely miss the troll.
The troll is heavily wounded.
The vampire mosquito bites you but does no damage.
The troll bites you but does no damage. The troll claws you but does no damage.
The troll completely misses you. The vampire mosquito barely misses you.
You hit the troll.
The troll is severely wounded.
You block the vampire mosquito's attack.
The troll bites you but does no damage. You block the troll's attack.
The troll claws you but does no damage.
10674 ||| Stepping ~*~*~tactically~*~*~ (outnumbered).
The eight-headed hydra attacks as you move away!
The eight-headed hydra barely misses you.
The eight-headed hydra bites you but does no damage.
The eight-headed hydra bites you.
The eight-headed hydra bites you but does no damage. x4
You block the eight-headed hydra's attack.
10675 ||| Stepping ~*~*~tactically~*~*~ (outnumbered).
The eight-headed hydra attacks as you move away!
The eight-headed hydra bites you but does no damage. x2
The eight-headed hydra bites you. The eight-headed hydra bites you!
The eight-headed hydra bites you but does no damage.
The eight-headed hydra bites you!
You die... ......# ##7.7 ....### 77.7 ....# 7777 777777

7... ####### 7... ....7
77.7 ......# 7... ...7
7... ......# 7..+###
+..7 77.7 ......#
7..#C....#..7 #7...
......#
7.7777..#.....#..777.~~~
......#
.......@#..yh.#......~~~
....#.# 777777DT#
Yo..#..777.~~~ .##.#.#
7yo#..CoC#..7 #7...
..<...# 7.oF#####'..7
77.7 ......#
7.c.n.......7 ...
......# 7.Yozc.o....7
7.7 ......#
777777.777777 (..
......# 7.7 7 ......#
#.#


You could see an eight-headed hydra, a yak, a troll, an orc warrior, a vampire
mosquito, a bullfrog, a centaur, a wight, an orc priest and an orc wizard
(invisible).

Vanquished Creatures
  Pikel (D:5)
  An ugly thing (D:7)
  A gargoyle (D:7)
  Maggie (D:7)
  Grinder (Sewer)
  A wyvern (D:7)
  Eustachio (D:4)
  3 steam dragons
  A vampire mosquito (D:8)
  2 water moccasins
  An orc warrior (D:7)
  3 ice beasts (D:7)
  2 sky beasts
  3 black bears
  3 ogres
  3 centaurs
  3 phantoms
  Blork the orc (D:4)
  3 lemures (D:5)
  6 kobold brigands
  3 scorpions
  2 bullfrogs
  5 wights (D:6)
  19 killer bees
  An electric eel (D:6)
  3 hounds
  2 orc priests
  A jelly (D:7)
  6 orc wizards
  An iguana (D:5)
  18 adders
  A shadow imp (Sewer)
  A white imp (D:6)
  5 ufetubi (Sewer)
  An adder zombie (Sewer)
  3 worms
  2 dart slugs
  15 orcs
  5 ball pythons
  A bat zombie (Sewer)
  13 endoplasms
  7 giant cockroaches
  10 goblins
  4 hobgoblins
  7 jackals
  3 quokkas
  2 bats
  9 frilled lizards
  37 kobolds
  13 rats
241 creatures vanquished.

Vanquished Creatures (others)
  An orc wizard (D:7)
  2 plants (D:2)
3 creatures vanquished.

Grand Total: 244 creatures vanquished

Notes
Turn   | Place    | Note
-------+----------+-------------------------------------------
     0 | D:1      | qw the Gargoyle Fighter began the quest for the Orb.
     0 | D:1      | Reached XP level 1. HP: 14/14 MP: 1/1
     0 | D:1      | 0 ||| qw: Version: 0.2-a-10-g37ed214
     0 | D:1      | 0 ||| qw: Game counter: 658
     0 | D:1      | 0 ||| qw: Always use a shield: true
     0 | D:1      | 0 ||| qw: God list: Okawaru
     0 | D:1      | 0 ||| qw: Allow faded altars: false
     0 | D:1      | 0 ||| qw: Do Orc after D:15 true
     0 | D:1      | 0 ||| qw: Do second Lair branch before Depths: true
     0 | D:1      | 0 ||| qw: Lair rune preference: random
     0 | D:1      | 0 ||| qw: Plans: Normal, Zot:1-4, God:TSO, Crypt, Tomb,
                  | Pan, Slime:5, Hells, Abyss, Orb
     0 | D:1      | 0 ||| PLANNING D:1-11
    59 | D:1      | Reached skill level 2 in Axes
   172 | D:1      | Reached XP level 2. HP: 19/19 MP: 2/2
   595 | D:1      | Found Avef's Assorted Antiques.
   599 | D:1      | 599 ||| BUYING fizzy coppery potion (20 gold).
   599 | D:1      | Bought a fizzy coppery potion for 20 gold pieces
   599 | D:1      | 599 ||| SHOPLISTING flail (80 gold, have 49).
   599 | D:1      | 599 ||| BUYING metallic white potion (20 gold).
   599 | D:1      | Bought a metallic white potion for 20 gold pieces
   599 | D:1      | 599 ||| SHOPLISTING runed mace (138 gold, have 29).
   599 | D:1      | 599 ||| BUYING scroll labelled OCUH WAESUHU (23 gold).
   599 | D:1      | Bought a scroll labelled OCUH WAESUHU for 23 gold pieces
   599 | D:1      | 599 ||| SHOPLISTING scroll labelled OFURRI FEVAAGG (23
                  | gold, have 6).
   945 | D:1      | Reached skill level 3 in Axes
  1085 | D:1      | 1085 ||| DROPPING ring of wizardry.
  1086 | D:1      | 1086 ||| UPGRADING to ring of see invisible.
  1087 | D:1      | 1087 ||| READING scroll labelled HIWEACZEIS.
  1088 | D:1      | 1088 ||| READING 2 scrolls labelled OCUH WAESUHU.
  1089 | D:1      | 1089 ||| READING scroll labelled OFURRI FEVAAGG.
  1161 | D:2      | Reached XP level 3. HP: 23/23 MP: 3/3
  1271 | D:2      | 1271 ||| Stepping ~*~*~tactically~*~*~ (stealth).
  1317 | D:2      | 1317 ||| Stepping ~*~*~tactically~*~*~ (hiding).
  1336 | D:2      | Found a sparkling altar of Nemelex Xobeh.
  1377 | D:2      | Reached XP level 4. HP: 22/28 MP: 4/4
  1491 | D:2      | Reached skill level 4 in Axes
  1693 | D:2      | 1693 ||| Stepping ~*~*~tactically~*~*~ (stealth).
  1694 | D:2      | 1694 ||| Stepping ~*~*~tactically~*~*~ (stealth).
  1695 | D:2      | 1695 ||| Stepping ~*~*~tactically~*~*~ (stealth).
  1738 | D:2      | 1738 ||| READING scroll of enchant weapon.
  1738 | D:2      | 1738 ||| ENCHANTING +1 war axe.
  1862 | D:2      | 1862 ||| Stepping ~*~*~tactically~*~*~ (stealth).
  1867 | D:2      | 1867 ||| Stepping ~*~*~tactically~*~*~ (stealth).
  1993 | D:2      | Found a faded altar of an unknown god.
  1994 | D:2      | 1994 ||| UPGRADING to +0 helmet.
  2263 | D:2      | 2263 ||| READING scroll labelled WIEJIM HYLEH.
  2264 | D:2      | 2264 ||| READING scroll labelled IBRELA ZAIRIE.
  2317 | D:2      | 2317 ||| READING scroll labelled MEUZOXOTRAQIRPH.
  2318 | D:2      | 2318 ||| READING 3 scrolls of identify.
  2318 | D:2      | 2318 ||| IDENTIFYING brown potion
  2319 | D:2      | 2319 ||| READING 2 scrolls of identify.
  2319 | D:2      | 2319 ||| IDENTIFYING fizzy coppery potion
  2320 | D:2      | 2320 ||| DROPPING potion of degeneration.
  2418 | D:3      | 2418 ||| Stepping ~*~*~tactically~*~*~ (stealth).
  2514 | D:3      | Found a basalt altar of Yredelemnul.
  2606 | D:3      | 2606 ||| Stepping ~*~*~tactically~*~*~ (stealth).
  2607 | D:3      | 2607 ||| Stepping ~*~*~tactically~*~*~ (stealth).
  2613 | D:3      | 2613 ||| Stepping ~*~*~tactically~*~*~ (stealth).
  2620 | D:3      | 2620 ||| Stepping ~*~*~tactically~*~*~ (stealth).
  2656 | D:3      | Reached XP level 5. HP: 16/32 MP: 5/5
  2666 | D:3      | HP: 5/32 [orc priest/divine providence (12)]
  2667 | D:3      | 2667 ||| DRINKING potion of heal wounds.
  2678 | D:3      | Reached skill level 5 in Axes
  2716 | D:3      | 2716 ||| DROPPING +0 club.
  2717 | D:3      | 2717 ||| DROPPING +0 whip.
  2972 | D:3      | Identified the +5 sling of the Dripping Gods {freeze, rF+
                  | rN+ Stlth-}
  3420 | D:3      | Found a runed translucent gate.
  3421 | D:3      | Found a runed translucent gate.
  3422 | D:3      | Found a runed translucent gate.
  3423 | D:3      | Noticed qw's ghost (amateur GrFi)
  3429 | D:3      | 3429 ||| UPGRADING to +0 chain mail.
  3439 | D:3      | 3439 ||| DROPPING +0 scale mail.
  3440 | D:3      | 3440 ||| DROPPING ring of flight.
  3441 | D:3      | 3441 ||| READING scroll labelled SEGGUA GOISTO.
  3482 | D:4      | 3482 ||| PLANNING SEWER
  3512 | D:4      | Reached XP level 6. HP: 35/39 MP: 6/6
  3559 | D:4      | 3559 ||| FLEEEEING.
  3560 | D:4      | 3560 ||| FLEEEEING.
  3561 | D:4      | 3561 ||| FLEEEEING.
  3562 | D:4      | 3562 ||| FLEEEEING.
  3563 | D:4      | 3563 ||| FLEEEEING.
  3564 | D:4      | 3564 ||| FLEEEEING.
  3565 | D:4      | 3565 ||| FLEEEEING.
  3566 | D:4      | 3566 ||| FLEEEEING.
  3567 | D:4      | 3567 ||| FLEEEEING.
  3568 | D:4      | 3568 ||| FLEEEEING.
  3600 | D:4      | Identified the +9 trident of Supply {venom, Will- MP+9
                  | Int+2 Dex+2}
  3683 | D:4      | 3683 ||| Stepping ~*~*~tactically~*~*~ (stealth).
  3685 | D:4      | 3685 ||| Stepping ~*~*~tactically~*~*~ (stealth).
  3687 | D:4      | Noticed Eustachio
  3699 | D:4      | Killed Eustachio
  3786 | D:4      | Reached skill level 6 in Axes
  3794 | D:4      | Reached XP level 7. HP: 27/44 MP: 7/7
  3795 | D:4      | Reached skill level 1 in Dodging
  4073 | D:4      | Found a bloodstained altar of Trog.
  4177 | D:4      | Found a glowing drain.
  4181 | D:4      | 4181 ||| READING scroll labelled LEENKE MALI.
  4182 | D:4      | 4182 ||| READING 2 scrolls of identify.
  4182 | D:4      | 4182 ||| IDENTIFYING sapphire potion
  4190 | Sewer    | Entered a sewer
  4421 | Sewer    | 4421 ||| Stepping ~*~*~tactically~*~*~ (stealth).
  4456 | Sewer    | Found an ancient bone altar of Kikubaaqudgha.
  4480 | Sewer    | Reached skill level 7 in Axes
  4523 | Sewer    | Noticed Grinder
  4524 | Sewer    | 4524 ||| Stepping ~*~*~tactically~*~*~ (stealth).
  4535 | Sewer    | Paralysed by Grinder for 4 turns
  4548 | Sewer    | 4548 ||| Stepping ~*~*~tactically~*~*~ (hiding).
  4549 | Sewer    | 4549 ||| Stepping ~*~*~tactically~*~*~ (hiding).
  4550 | Sewer    | 4550 ||| Stepping ~*~*~tactically~*~*~ (hiding).
  4560 | Sewer    | Killed Grinder
  4561 | Sewer    | Reached skill level 6 in Fighting
  4561 | Sewer    | Reached XP level 8. HP: 17/51 MP: 8/8
  4780 | Sewer    | 4780 ||| Stepping ~*~*~tactically~*~*~ (stealth).
  5022 | Sewer    | 5022 ||| READING 3 scrolls labelled SOLEPOVAOCK.
  5023 | Sewer    | 5023 ||| READING scroll labelled ALATZI WITZO.
  5024 | Sewer    | 5024 ||| DRINKING 2 silvery potions.
  5025 | Sewer    | 5025 ||| DRINKING 2 smoky coppery potions.
  5026 | Sewer    | 5026 ||| DROPPING potion of invisibility.
  5027 | Sewer    | 5027 ||| DROPPING 2 scrolls of summoning.
  5028 | Sewer    | 5028 ||| DROPPING potion of magic.
  5059 | D:4      | 5059 ||| PLANNING D:1-11
  5258 | D:4      | Noticed Blork the orc
  5268 | D:4      | Killed Blork the orc
  5561 | D:5      | Entered Level 5 of the Dungeon
  5615 | D:5      | Reached skill level 8 in Axes
  5713 | D:5      | 5713 ||| Stepping ~*~*~tactically~*~*~ (stealth).
  5714 | D:5      | 5714 ||| Stepping ~*~*~tactically~*~*~ (stealth).
  5714 | D:5      | Found a staircase to the Ecumenical Temple.
  5715 | D:5      | 5715 ||| PLANNING TEMPLE
  5748 | Temple   | Entered the Ecumenical Temple
  5793 | Temple   | 5793 ||| PLANNING OKAWARU WORSHIP
  5993 | Temple   | Became a worshipper of Warmaster Okawaru
  5994 | Temple   | 5994 ||| PLANNING D:1-11
  6077 | D:5      | Noticed Pikel
  6091 | D:5      | Killed Pikel
  6092 | D:5      | Reached skill level 9 in Axes
  6092 | D:5      | Reached XP level 9. HP: 24/55 MP: 9/9
  6094 | D:5      | Reached * piety under Okawaru
  6464 | D:5      | 6464 ||| READING scroll labelled ZEMAES RIFIKH.
  6666 | D:5      | Reached skill level 1 in Invocations
  6680 | D:5      | 6680 ||| READING 2 scrolls of identify.
  6680 | D:5      | 6680 ||| IDENTIFYING blue potion
  6681 | D:5      | 6681 ||| Stepping randomly (stuck).
  6683 | D:5      | 6683 ||| Stepping randomly (stuck).
  6684 | D:5      | 6684 ||| Stepping randomly (stuck).
  6685 | D:5      | 6685 ||| Stepping randomly (stuck).
  6686 | D:5      | 6686 ||| Stepping randomly (stuck).
  6687 | D:5      | 6687 ||| Stepping randomly (stuck).
  6688 | D:5      | 6688 ||| Stepping randomly (stuck).
  6689 | D:5      | 6689 ||| Stepping randomly (stuck).
  6691 | D:5      | 6691 ||| Stepping randomly (stuck).
  6693 | D:5      | 6693 ||| Stepping randomly (stuck).
  6694 | D:5      | 6694 ||| Stepping randomly (stuck).
  6695 | D:5      | 6695 ||| Stepping randomly (stuck).
  6696 | D:5      | 6696 ||| Stepping randomly (stuck).
  6697 | D:5      | 6697 ||| Stepping randomly (stuck).
  6698 | D:5      | 6698 ||| Stepping randomly (stuck).
  6699 | D:5      | 6699 ||| Stepping randomly (stuck).
  6700 | D:5      | 6700 ||| Stepping randomly (stuck).
  6701 | D:5      | 6701 ||| Stepping randomly (stuck).
  6702 | D:5      | 6702 ||| Stepping randomly (stuck).
  6703 | D:5      | 6703 ||| Stepping randomly (stuck).
  6704 | D:5      | 6704 ||| Stepping randomly (stuck).
  6705 | D:5      | 6705 ||| Stepping randomly (stuck).
  6706 | D:5      | 6706 ||| Stepping randomly (stuck).
  6707 | D:5      | 6707 ||| Stepping randomly (stuck).
  6712 | D:5      | 6712 ||| INVOKING Heroism.
  6758 | D:5      | 6758 ||| Stepping randomly (stuck).
  6759 | D:5      | 6759 ||| Stepping randomly (stuck).
  6761 | D:5      | 6761 ||| Stepping randomly (stuck).
  6762 | D:5      | 6762 ||| Stepping randomly (stuck).
  6763 | D:5      | 6763 ||| Stepping randomly (stuck).
  6764 | D:5      | 6764 ||| Stepping randomly (stuck).
  6765 | D:5      | 6765 ||| Stepping randomly (stuck).
  6766 | D:5      | 6766 ||| Stepping randomly (stuck).
  6768 | D:5      | 6768 ||| Stepping randomly (stuck).
  6769 | D:5      | 6769 ||| Stepping randomly (stuck).
  6770 | D:5      | 6770 ||| Stepping randomly (stuck).
  6771 | D:5      | 6771 ||| Stepping randomly (stuck).
  6772 | D:5      | 6772 ||| Stepping randomly (stuck).
  6773 | D:5      | 6773 ||| Stepping randomly (stuck).
  6776 | D:5      | 6776 ||| INVOKING Heroism.
  6808 | D:5      | 6808 ||| Stepping randomly (stuck).
  6809 | D:5      | 6809 ||| Stepping randomly (stuck).
  6810 | D:5      | 6810 ||| Stepping randomly (stuck).
  6817 | D:5      | 6817 ||| Stepping randomly (stuck).
  6819 | D:5      | 6819 ||| Stepping randomly (stuck).
  6821 | D:5      | 6821 ||| Stepping randomly (stuck).
  6823 | D:5      | 6823 ||| Stepping randomly (stuck).
  6825 | D:5      | 6825 ||| Stepping randomly (stuck).
  6827 | D:5      | 6827 ||| Stepping randomly (stuck).
  6828 | D:5      | 6828 ||| Stepping randomly (stuck).
  6830 | D:5      | 6830 ||| Stepping randomly (stuck).
  6832 | D:5      | 6832 ||| Stepping randomly (stuck).
  6833 | D:5      | 6833 ||| Stepping randomly (stuck).
  6835 | D:5      | 6835 ||| Stepping randomly (stuck).
  6837 | D:5      | 6837 ||| Stepping randomly (stuck).
  6838 | D:5      | 6838 ||| Stepping randomly (stuck).
  6839 | D:5      | 6839 ||| Stepping randomly (stuck).
  6840 | D:5      | 6840 ||| Stepping randomly (stuck).
  6841 | D:5      | 6841 ||| Stepping randomly (stuck).
  6842 | D:5      | 6842 ||| Stepping randomly (stuck).
  6844 | D:5      | 6844 ||| Stepping randomly (stuck).
  6845 | D:5      | 6845 ||| Stepping randomly (stuck).
  6846 | D:5      | 6846 ||| Stepping randomly (stuck).
  6847 | D:5      | 6847 ||| Stepping randomly (stuck).
  6848 | D:5      | 6848 ||| Stepping randomly (stuck).
  6850 | D:5      | 6850 ||| Stepping randomly (stuck).
  6851 | D:5      | 6851 ||| Stepping randomly (stuck).
  6852 | D:5      | 6852 ||| Stepping randomly (stuck).
  6854 | D:5      | 6854 ||| Stepping randomly (stuck).
  6855 | D:5      | 6855 ||| Stepping randomly (stuck).
  6856 | D:5      | 6856 ||| Stepping randomly (stuck).
  6857 | D:5      | 6857 ||| Stepping randomly (stuck).
  6859 | D:5      | 6859 ||| Stepping randomly (stuck).
  6860 | D:5      | 6860 ||| Stepping randomly (stuck).
  6861 | D:5      | 6861 ||| Stepping randomly (stuck).
  6862 | D:5      | 6862 ||| Stepping randomly (stuck).
  6863 | D:5      | 6863 ||| Stepping randomly (stuck).
  6864 | D:5      | 6864 ||| Stepping randomly (stuck).
  6865 | D:5      | 6865 ||| Stepping randomly (stuck).
  6866 | D:5      | 6866 ||| Stepping randomly (stuck).
  6867 | D:5      | 6867 ||| Stepping randomly (stuck).
  6868 | D:5      | 6868 ||| Stepping randomly (stuck).
  6869 | D:5      | 6869 ||| Stepping randomly (stuck).
  6870 | D:5      | 6870 ||| Stepping randomly (stuck).
  6871 | D:5      | 6871 ||| Stepping randomly (stuck).
  6872 | D:5      | 6872 ||| Stepping randomly (stuck).
  6873 | D:5      | 6873 ||| Stepping randomly (stuck).
  6875 | D:5      | 6875 ||| Stepping randomly (stuck).
  6876 | D:5      | 6876 ||| Stepping randomly (stuck).
  6882 | D:5      | 6882 ||| Stepping randomly (stuck).
  6884 | D:5      | 6884 ||| Stepping randomly (stuck).
  6886 | D:5      | 6886 ||| Stepping randomly (stuck).
  6911 | D:5      | 6911 ||| Stepping randomly (stuck).
  6912 | D:5      | 6912 ||| Stepping randomly (stuck).
  6923 | D:6      | 6923 ||| STAIRDANCE
  6931 | D:6      | 6931 ||| STAIRDANCE
  6986 | D:5      | 6986 ||| FLEEEEING.
  6987 | D:5      | 6987 ||| FLEEEEING.
  7094 | D:6      | 7094 ||| STAIRDANCE
  7120 | D:6      | 7120 ||| INVOKING Heroism.
  7127 | D:6      | Reached skill level 3 in Invocations
  7188 | D:6      | 7188 ||| Stepping ~*~*~tactically~*~*~ (hiding).
  7190 | D:6      | 7190 ||| Stepping ~*~*~tactically~*~*~ (hiding).
  7236 | D:6      | 7236 ||| Stepping ~*~*~tactically~*~*~ (stealth).
  7237 | D:6      | 7237 ||| Stepping ~*~*~tactically~*~*~ (stealth).
  7255 | D:6      | 7255 ||| Stepping ~*~*~tactically~*~*~ (hiding).
  7256 | D:6      | 7256 ||| SWAPPING to +1 vampiric hand axe.
  7258 | D:6      | 7258 ||| Stepping ~*~*~tactically~*~*~ (hiding).
  7260 | D:6      | 7260 ||| INVOKING Heroism.
  7278 | D:6      | 7278 ||| Stepping ~*~*~tactically~*~*~ (stealth).
  7291 | D:6      | 7291 ||| Stepping ~*~*~tactically~*~*~ (stealth).
  7336 | D:6      | 7336 ||| READING scroll of enchant armour.
  7336 | D:6      | 7336 ||| ENCHANTING +0 helmet.
  7471 | D:6      | 7471 ||| INVOKING Heroism.
  7472 | D:6      | 7472 ||| UPGRADING to +4 ring of evasion.
  7473 | D:6      | 7473 ||| DRINKING 2 bubbling coppery potions.
  7482 | D:6      | Reached skill level 10 in Axes
  7576 | D:6      | Found a runed translucent gate.
  7576 | D:6      | Found a runed translucent gate.
  7576 | D:6      | Found a runed translucent gate.
  7576 | D:6      | Noticed qw's ghost (amateur GrFi)
  7605 | D:6      | 7605 ||| INVOKING Heroism.
  7644 | D:6      | 7644 ||| Stepping ~*~*~tactically~*~*~ (hiding).
  7645 | D:6      | 7645 ||| Stepping ~*~*~tactically~*~*~ (hiding).
  7737 | D:6      | 7737 ||| INVOKING Heroism.
  7773 | D:6      | 7773 ||| INVOKING Heroism.
  7852 | D:6      | 7852 ||| INVOKING Heroism.
  8022 | D:6      | 8022 ||| INVOKING Heroism.
  8030 | D:6      | Reached XP level 10. HP: 63/63 MP: 10/13
  8201 | D:6      | 8201 ||| DRINKING 3 inky potions.
  8202 | D:6      | 8202 ||| READING 4 scrolls of identify.
  8202 | D:6      | 8202 ||| IDENTIFYING murky white potion
  8203 | D:6      | 8203 ||| READING 3 scrolls of identify.
  8203 | D:6      | 8203 ||| IDENTIFYING metallic white potion
  8204 | D:6      | 8204 ||| DROPPING potion of flight.
  8251 | D:7      | Identified the +3 flail "Quqastrya" {holy, rC+ Str+2}
  8254 | D:7      | 8254 ||| INVOKING Heroism.
  8503 | D:7      | Found Vomp's Jewellery Shop.
  8508 | D:7      | Noticed Maggie
  8526 | D:7      | 8526 ||| INVOKING Heroism.
  8537 | D:7      | Killed Maggie
  8537 | D:7      | Reached ** piety under Okawaru
  8622 | D:7      | 8622 ||| SHOPLISTING amulet "Bareebb" {Spirit Rampage rC+
                  | rN++ Str-5} (528 gold, have 236).
  8622 | D:7      | 8622 ||| SHOPLISTING ring "Jiforch" {rElec Will+ rCorr MP+9
                  | Dex-4} (441 gold, have 236).
  8622 | D:7      | 8622 ||| SHOPLISTING ring of fire (300 gold, have 236).
  8622 | D:7      | 8622 ||| SHOPLISTING ring of ice (300 gold, have 236).
  8622 | D:7      | 8622 ||| SHOPLISTING ring of protection from fire (300
                  | gold, have 236).
  8622 | D:7      | 8622 ||| SHOPLISTING ring of willpower (300 gold, have
                  | 236).
  8638 | D:7      | 8638 ||| Stepping ~*~*~tactically~*~*~ (stealth).
  8641 | D:7      | 8641 ||| INVOKING Heroism.
  8808 | D:7      | 8808 ||| INVOKING Heroism.
  8840 | D:7      | 8840 ||| INVOKING Heroism.
  9263 | D:7      | 9263 ||| INVOKING Heroism.
  9270 | D:7      | Reached skill level 11 in Axes
  9340 | D:7      | Noticed a gargoyle
  9353 | D:7      | 9353 ||| INVOKING Heroism.
  9363 | D:7      | HP: 13/64 [gargoyle/stone arrow (21)]
  9364 | D:7      | 9364 ||| DRINKING 2 potions of heal wounds.
  9373 | D:7      | Killed a gargoyle
  9565 | D:7      | Noticed a purple ugly thing
  9584 | D:7      | Killed a purple ugly thing
  9585 | D:7      | Reached skill level 9 in Fighting
  9642 | D:7      | 9642 ||| UPGRADING to +0 plate armour.
  9652 | D:7      | 9652 ||| DROPPING +0 chain mail.
  9653 | D:7      | 9653 ||| READING scroll labelled GOD BEPTISOMN.
  9654 | D:7      | 9654 ||| READING 3 scrolls of identify.
  9654 | D:7      | 9654 ||| IDENTIFYING bubbling black potion
  9991 | D:8      | 9991 ||| STAIRDANCE
 10001 | D:7      | Reached *** piety under Okawaru
 10068 | D:8      | 10068 ||| STAIRDANCE
 10120 | D:8      | 10120 ||| STAIRDANCE
 10153 | D:8      | 10153 ||| STAIRDANCE
 10163 | D:7      | Reached skill level 6 in Armour
 10243 | D:8      | 10243 ||| INVOKING Heroism.
 10258 | D:8      | 10258 ||| Stepping ~*~*~tactically~*~*~ (cloud).
 10262 | D:8      | 10262 ||| Stepping ~*~*~tactically~*~*~ (cloud).
 10263 | D:8      | 10263 ||| Stepping ~*~*~tactically~*~*~ (cloud).
 10446 | D:8      | 10446 ||| Stepping ~*~*~tactically~*~*~ (stealth).
 10450 | D:8      | 10450 ||| INVOKING Heroism.
 10494 | D:8      | 10494 ||| Stepping ~*~*~tactically~*~*~ (stealth).
 10501 | D:8      | 10501 ||| INVOKING Heroism.
 10590 | D:8      | 10590 ||| Stepping ~*~*~tactically~*~*~ (hiding).
 10602 | D:8      | 10602 ||| DRINKING 3 potions of curing.
 10602 | D:8      | 10602 ||| (to cure confusion)
 10611 | D:8      | Received a gift from Okawaru
 10612 | D:8      | Reached XP level 11. HP: 71/71 MP: 14/14
 10649 | D:8      | Noticed a cyclops
 10649 | D:8      | Noticed an eight-headed hydra
 10649 | D:8      | Noticed a cyclops
 10650 | D:8      | 10650 ||| INVOKING Heroism.
 10651 | D:8      | 10651 ||| Stepping ~*~*~tactically~*~*~ (hiding).
 10653 | D:8      | 10653 ||| SWAPPING to +0 morningstar.
 10657 | D:8      | 10657 ||| Stepping ~*~*~tactically~*~*~ (outnumbered).
 10658 | D:8      | 10658 ||| Stepping ~*~*~tactically~*~*~ (outnumbered).
 10661 | D:8      | Reached skill level 1 in Throwing
 10661 | D:8      | 10661 ||| Stepping ~*~*~tactically~*~*~ (outnumbered).
 10662 | D:8      | 10662 ||| Stepping ~*~*~tactically~*~*~ (outnumbered).
 10663 | D:8      | 10663 ||| INVOKING Heroism.
 10664 | D:8      | 10664 ||| Stepping ~*~*~tactically~*~*~ (outnumbered).
 10664 | D:8      | HP: 12/71 [troll (7)]
 10664 | D:8      | HP: 3/71 [troll (9)]
 10665 | D:8      | 10665 ||| DRINKING potion of heal wounds.
 10666 | D:8      | 10666 ||| Stepping ~*~*~tactically~*~*~ (outnumbered).
 10667 | D:8      | 10667 ||| Stepping ~*~*~tactically~*~*~ (outnumbered).
 10668 | D:8      | 10668 ||| DRINKING 2 potions of curing.
 10668 | D:8      | 10668 ||| (to cure confusion)
 10669 | D:8      | 10669 ||| Stepping ~*~*~tactically~*~*~ (outnumbered).
 10670 | D:8      | 10670 ||| Stepping ~*~*~tactically~*~*~ (outnumbered).
 10670 | D:8      | HP: 17/71 [troll (11)]
 10674 | D:8      | 10674 ||| Stepping ~*~*~tactically~*~*~ (outnumbered).
 10675 | D:8      | 10675 ||| Stepping ~*~*~tactically~*~*~ (outnumbered).
 10675 | D:8      | HP: 13/71 [eight-headed hydra (1)]
 10675 | D:8      | HP: 4/71 [eight-headed hydra (9)]
 10675 | D:8      | Slain by an eight-headed hydra

Levels and vault maps discovered:
D:1:      nzn_arrival_depleted_hourglass, layout_loops_corners, serial_forest,
          infiniplex_forest_lined_4_way, infiniplex_forest_clump_C,
          infiniplex_forest_zigzag_1, infiniplex_forest_side_room,
          infiniplex_forest_clump_medium, infiniplex_forest_lined_corner,
          serial_shops, shop, minmay_pentomino_w2
D:2:      cheibrodos_old_hovel, layout_basic, basic_altar,
          hellmonk_ecumenical_altar_inner_sanctum, grunt_decor_cap,
          minmay_crystal_room, minmay_lizard_pond
D:3:      cheibrodos_pilgrimage, layout_basic, yredelemnul_altar_generic,
          gammafunk_ghost_necromancy
D:4:      layout_rooms, mainiacjoe_overflow_alcove_2, lightli_sewer_entry_pipes,
          minivault_25, uniq_eustachio, uniq_blork_the_orc
D:5:      layout_basic, minmay_temple_entry_large_hall, serial_corexii_hall,
          corexii_hall_statues_x, corexii_hall_statues_t, minmay_puff,
          uniq_pikel
D:6:      layout_basic, serial_glass, glass_columns_a, glass_columns_a,
          biasface_ghost_orc_armoury, fountainhead, water_maze_lemuel
D:7:      layout_loops_ring, serial_shops, shop, minmay_small_thing, uniq_maggie
D:8:      nzn_winding_woodlands_large [nzn_winding_woodlands_5x5_perimeter,
          nzn_winding_woodlands_5x15_pathside_ponds,
          nzn_winding_woodlands_5x5_cross,
          nzn_winding_woodlands_center_triple_pond,
          nzn_winding_woodlands_15x15_killbox,
          nzn_winding_woodlands_center_lodge, nzn_winding_woodlands_5x5_three,
          nzn_winding_woodlands_5x15_pool, nzn_winding_woodlands_hourglass],
          layout_basic
Temple:   nicolae_temple_bog_church

Skill      XL: |  1  2  3  4  5  6  7  8  9 10 11 |
---------------+----------------------------------+-----
Axes           | 2 3 4 5 6 7 9 10 11 | 11.3
Fighting       | 4 6 7 9 |  9.1
Dodging        | 1 |  1.2
Armour         | 4 5 7 |  7.0
Shields        | 4 5 |  5.0
Invocations    | 4 |  4.0
Throwing       | 1 |  1.1

Action                   |  1- 3 |  4- 6 |  7- 9 | 10-12 || total
-------------------------+-------+-------+-------+-------++-------
Melee: War axe           |    82 |   191 |   319 |       ||   592
       Hand axe          |       |       |    70 |   362 ||   432
       Morningstar       |       |       |       |     8 ||     8
Throw: Boomerang         |       |    12 |     8 |       ||    20
Invok: Heroism           |       |       |    10 |    12 ||    22
  Use: Scroll            |     3 |     7 |     7 |     4 ||    21
       Potion            |       |     1 |     3 |     5 ||     9
Armor: Scale mail        |    60 |    61 |       |       ||   121
       Chain mail        |       |    41 |   223 |    54 ||   318
       Skin              |       |       |    11 |       ||    11
       Plate armour      |       |       |       |   113 ||   113
Dodge: Dodged            |    39 |    90 |   125 |   203 ||   457
Block: Buckler           |    17 |    28 |    80 |   101 ||   226

Table legend:
 A = Non-vault XP
 B = Vault XP
 C = Vault XP percentage of total XP
 D = Non-vault monster count
 E = Vault monster count
 F = Vault count percentage of total count
                 A         B        C        D         E       F
            +---------+---------+-------+---------+---------+-------
      Total |    5651 |    3932 |  41.0 |     170 |      69 |  28.9
            +---------+---------+-------+---------+---------+-------
        D:1 |      30 |       1 |   3.2 |      20 |       1 |   4.8
        D:2 |      90 |      20 |  18.2 |      24 |       7 |  22.6
        D:3 |      50 |      90 |  64.3 |      20 |       6 |  23.1
        D:4 |     374 |     370 |  49.7 |      23 |      11 |  32.4
        D:5 |     593 |    1074 |  64.4 |      13 |       6 |  31.6
        D:6 |    1347 |       0 |   0.0 |      23 |       0 |   0.0
        D:7 |    2361 |    1291 |  35.4 |      31 |       3 |   8.8
        D:8 |     806 |     444 |  35.5 |      16 |       5 |  23.8
      Sewer |       0 |     642 | 100.0 |       0 |      30 | 100.0
            +---------+---------+-------+---------+---------+-------
